Map: Alcyone LE

Players

Kelazhur - Winner!

  • Race: Terran Terran
  • League: Master
  • Spawn Location: 7:00

ForJumyyyy (ForJumy)

  • Race: Protoss Protoss
  • League: Master
  • Spawn Location: 1:00

Event: HomeStory Cup XXV

VOD

Have the link to the VOD?

Description

Time

  • Played on: June 22, 2024, 10:16 a.m.
  • Length: 9:44

All games in this series

Show
View Real Time Build Order
Export as new Build Order

Kelazhur Terran - Winner!

Build Orders: Cyclone Opening, Reaper Expand 

Get SALT Encoding   

  12  0:00  SCV  
  13  0:12  SCV  
  14  0:16  Supply Depot  
  14  0:24  SCV  
  15  0:38  SCV  
  15  0:39  Barracks  
  15  0:42  Refinery  
  16  0:50  SCV  
  17  1:02  SCV  
  18  1:14  SCV  
  19  1:26  Orbital Command, Reaper  
  20  1:38  Command Center  
  20  1:47  Supply Depot  
  20  1:52  SCV  
  21  2:01  Factory  
  21  2:05  Marine  
  22  2:10  Bunker  
  22  2:18  SCV  
  23  2:23  Marine  
  23  2:27  Engineering Bay  
  24  2:30  SCV  
  24  2:42  SCV  
  25  2:44  Barracks Reactor  
  25  2:46  Cyclone  
  27  2:54  Orbital Command, SCV  
  28  3:04  Refinery  
  28  3:06  SCV  
  29  3:18  SCV  
  29  3:19  Cyclone  
  32  3:25  Marine x2  
  34  3:27  SCV  
  34  3:30  SCV  
  36  3:37  Supply Depot, Starport  
  36  3:39  SCV  
  37  3:42  SCV  
  37  3:43  Marine x2  
  40  3:51  SCV  
  40  3:54  Cyclone  
  43  3:57  SCV  
  43  4:01  Engineering Bay  
  42  4:04  SCV  
  42  4:09  SCV, Marine  
  44  4:10  Marine  
  44  4:16  SCV, Starport Tech Lab  
  47  4:27  Marine x2  
  49  4:34  Missile Turret  
  49  4:41  Missile Turret  
  49  4:42  SCV  
  49  4:45  Marine x2  
  50  4:47  Raven  
  50  4:52  Supply Depot  
  54  4:58  Factory Reactor  
  54  5:08  SCV x2  
  54  5:15  Marine  
  54  5:16  Marine  
  54  5:20  SCV x2  
  58  5:21  Terran Infantry Weapons Level 1  
  58  5:24  Supply Depot  
  58  5:26  Barracks  
  58  5:27  Barracks  
  58  5:32  SCV x2  
  60  5:44  SCV x2  
  60  5:47  Supply Depot  
  60  5:48  Supply Depot  
  60  5:49  Starport Reactor  
  62  5:50  Refinery  
  62  5:56  SCV x2  
  64  5:58  Marine  
  64  5:59  Stimpack  
  65  6:04  Command Center  
  65  6:08  SCV x2  
  67  6:20  SCV  
  67  6:22  Barracks Tech Lab, SCV  
  67  6:24  Barracks  
  67  6:25  Barracks  
  69  6:26  Marine x3  
  69  6:27  Refinery  
  69  6:28  Medivac x2  
  76  6:34  Supply Depot  
  76  6:36  Widow Mine x2  
  80  6:41  SCV x2  
  80  6:44  Marauder  
  84  6:48  Bunker  
  84  6:50  Marauder  
  84  6:53  Marine  
  86  6:55  Marine  
  86  6:56  SCV x2  
  86  6:59  Supply Depot  
  88  7:11  Marine x2, Marauder  
  88  7:12  Marine  
  88  7:13  Marine, Marauder  
  88  7:14  Widow Mine x2  
  86  7:28  Marine  
  86  7:29  Marine  
  81  7:30  Orbital Command, Marine  
  81  7:31  Marine  
  81  7:33  SCV, Marauder  
  81  7:34  Marauder  
  81  7:35  Widow Mine  
  81  7:36  SCV  
  86  7:45  SCV  
  86  7:46  Combat Shield, Marine, Terran Infantry Armor Level 1  
  88  7:53  Marine x2  
  88  7:55  SCV  
  88  7:56  Medivac  
  88  7:57  Orbital Command, SCV, Medivac  
  88  7:58  Widow Mine x2  
  101  8:06  Armory  
  101  8:07  Barracks Tech Lab, SCV, Barracks Reactor  
  101  8:09  SCV  
  101  8:11  Barracks Tech Lab  
  101  8:12  Marine, Marauder  
  105  8:13  Marine  
  105  8:19  SCV  
  107  8:23  SCV x2  
  109  8:33  Missile Turret  
  100  8:38  SCV x2, Marine  
  100  8:39  Marine x4  
  92  8:44  SCV  
  89  8:50  SCV x2, Marine x2  
  92  8:56  SCV, Marine  
  92  8:57  Marine x4  
  92  9:02  SCV  
  99  9:04  Widow Mine x2  
  99  9:07  Medivac x2  
  99  9:08  Marine x2  
  109  9:17  Supply Depot, Missile Turret  
  109  9:18  Marine  
  109  9:19  SCV x3, Marauder  
  109  9:22  Marauder  
Show
View Real Time Build Order
Export as new Build Order

ForJumyyyy Protoss 

Build Orders: Zealot Archon, Archon Drop, Dark Templar Rush 

Get SALT Encoding   

  12  0:00  Probe  
  13  0:12  Probe  
  14  0:17  Pylon  
  14  0:24  Probe  
  15  0:35  Gateway  
  15  0:36  Probe (Chrono Boost)  
  16  0:45  Probe (Chrono Boost)  
  16  0:46  Assimilator  
  17  0:50  Probe  
  17  0:55  Assimilator  
  18  1:03  Probe  
  19  1:15  Probe  
  20  1:23  Cybernetics Core  
  20  1:27  Pylon, Probe  
  21  1:39  Probe  
  22  1:51  Probe  
  23  1:58  Adept (Chrono Boost)  
  23  2:00  Twilight Council  
  25  2:01  Warp Gate  
  25  2:03  Probe  
  26  2:11  Robotics Facility  
  26  2:18  Pylon  
  26  2:21  Probe  
  27  2:34  Gateway  
  28  2:41  Dark Shrine  
  30  3:00  Warp Prism (Chrono Boost)  
  31  3:08  Probe  
  30  3:31  Probe  
  30  3:32  Nexus  
  29  3:44  Probe  
  30  3:49  Pylon  
  30  3:52  Dark Templar x2  
  34  3:58  Probe  
  35  4:09  Pylon  
  33  4:16  Warp Prism  
  33  4:24  Dark Templar  
  33  4:29  Adept  
  37  4:32  Probe  
  38  4:40  Charge (Chrono Boost)  
  38  4:44  Probe (Chrono Boost)  
  39  4:46  Archon, Probe (Chrono Boost)  
  40  4:54  Probe (Chrono Boost)  
  40  4:55  Observer, Probe (Chrono Boost)  
  40  4:59  Probe (Chrono Boost)  
  43  5:02  Probe  
  45  5:13  Dark Templar x2  
  49  5:15  Probe  
  49  5:17  Archon  
  50  5:21  Gateway x2  
  50  5:26  Gateway  
  50  5:35  Observer, Immortal (Chrono Boost)  
  54  5:40  Gateway  
  54  5:42  Probe  
  55  5:44  Probe  
  56  5:51  Gateway  
  56  6:00  Observer  
  56  6:06  Pylon  
  56  6:09  Immortal (Chrono Boost)  
  60  6:12  Pylon  
  60  6:16  Zealot x3  
  66  6:22  Gateway  
  66  6:24  Stalker  
  66  6:36  Dark Templar  
  68  6:40  Dark Templar  
  68  6:42  Zealot x2  
  68  6:44  Pylon  
  68  6:45  Archon  
  74  6:48  Probe x2  
  76  6:57  Zealot x3  
  82  7:12  Zealot x3  
  72  7:19  Zealot  
  72  7:20  Zealot x3  
  68  7:31  Immortal (Chrono Boost)  
  70  7:42  Dark Templar  
  72  7:44  Dark Templar  
  72  7:46  Zealot x3  
  72  7:48  Archon  
  80  7:54  Zealot x2  
  84  7:59  Zealot  
  86  8:06  Zealot x2  
  86  8:07  Zealot  
  92  8:18  Zealot  
  94  8:25  Pylon  
  80  8:34  Zealot x6  
  70  8:41  Sentry  
  70  8:42  Sentry  
  54  8:56  Zealot x5  
  60  9:11  Zealot x3  
  66  9:17  Dark Templar x2  
  59  9:36  Zealot x3  
  59  9:37  Zealot x2  
Tags
 
Add a new tag
Caveats
  • Supply blocks, unpowered buildings, or Contaminate may cause inaccurate times.
  • Supply counts are checked every 10 seconds.